 Dungeon Crawl Stone Soup version 0.31-a0-1-g4198be8af4 (webtiles) character file.

Game seed: 7803476674835276515

4700 Juicyj the Fighter (level 10, -2/93 HPs)
             Began as a Minotaur Fighter on May 1, 2023.
             Killed by divine providence
             ... invoked by an orc priest
              (9 damage)
             ... on level 9 of the Dungeon.
             The game lasted 00:08:41 (7525 turns).

Juicyj the Fighter (Minotaur Fighter)               Turns: 7525, Time: 00:08:42

Health: -2/93      AC: 10    Str: 25    XL:     10   Next: 21%
Magic:  9/9        EV: 10    Int:  5    God:
Gold:   375        SH: 11    Dex: 10    Spells: 9/9 levels left

rFire   + . .        a - +0 war axe
rCold   . . .        c - +0 buckler
rNeg    . . .        b - +0 scale mail
rPois   .            (helmet restricted)
rElec   .            (no cloak)
rCorr   .            (no gloves)
SInv    .            m - +0 pair of boots
Will    .....        y - amulet of reflection Stlth
                     g - ring of protection from fire
HPRegen 0.35/turn    (no ring)
MPRegen 0.11/turn

%: reflection
@: no status effects
A: horns 2, retaliatory headbutt
a: no special abilities


You were on level 9 of the Dungeon.
You visited 1 branch of the dungeon, and saw 10 of its levels.

You collected 375 gold pieces.

Inventory:

Hand Weapons
 a - a +0 war axe (weapon)
 j - a +0 war axe of draining
Missiles
 r - 12 poisoned darts (quivered)
 s - a boomerang
 A - 4 javelins
 B - 4 atropa-tipped darts
Armour
 b - a +0 scale mail (worn)
 c - a +0 buckler (worn)
 m - a +0 pair of boots (worn)
Jewellery
 g - a ring of protection from fire (left hand)
 o - a ring of protection from fire
 v - the ring of Cowardice {MP+9 Stlth+}
   (You found it on level 4 of the Dungeon)

   [ring of magical power]

   MP:        It affects your magic capacity (+9).
   Stlth:     It makes you more stealthy.
 y - an amulet of reflection (around neck)
 C - an amulet of faith
 E - a +4 ring of slaying
Wands
 p - a wand of mindburst (16)
 H - a wand of paralysis (9)
Scrolls
 e - 2 scrolls of amnesia {unknown}
 f - a scroll of fear
 i - 2 scrolls of teleportation
 q - 2 scrolls of magic mapping
 u - 3 scrolls of immolation
 x - 2 scrolls of fog
 F - 2 scrolls of blinking
 G - a scroll of enchant armour
 I - a scroll of enchant weapon
Potions
 d - 4 potions of might
 h - 6 potions of curing {unknown}
 k - 2 potions of brilliance
 l - a potion of attraction
 n - a potion of mutation
 t - 2 potions of degeneration
 w - 2 potions of haste {unknown}
 z - a potion of berserk rage
 D - a potion of heal wounds


   Skills:
 + Level 9.8 Fighting
 + Level 9.3 Axes
 + Level 9.8 Armour
 + Level 9.6 Shields


You had 9 spell levels left.
You didn't know any spells.
Your spell library contained the following spells:

 Spells                   Type           Power      Damage    Failure   Level
 Kiss of Death            Conj/Necr      0%         2d5       77%         1
 Slow                     Hex            0%         N/A       77%         1
 Confusing Touch          Hex            0%         N/A       98%         3
 Stone Arrow              Conj/Erth      0%         3d7       98%         3
 Vampiric Draining        Necr           0%         2d6       98%         3
 Vhi's Electric Charge    Tloc/Air       0%         N/A       98%         3
 Animate Armour           Summ/Erth      0%         N/A       100%        4
 Dispel Undead            Necr           0%         3d6       100%        4
 Arcjolt                  Conj/Air       0%         1d10      100%        5
 Lehudib's Crystal Spear  Conj/Erth      0%         10d2      100%        8
 Maxwell's Capacitive Co  Air            0%         ∞         100%        8


Dungeon Overview and Level Annotations

Branches:
Dungeon (10/15)            Temple (0/1) D:6            Lair (0/5) D:9
    Orc: D:9-12

Altars:
Ashenzari
Dithmenos
Fedhas
Hepliaklqana
Makhleb
Nemelex Xobeh
Okawaru
Ru
Trog
Vehumet
Wu Jian
Xom

Shops:
D:6 *


Innate Abilities, Weirdness & Mutations

You have a pair of horns on your head.
You reflexively headbutt those who attack you in melee.


Message History

The orc warrior hits you from afar with a +0 trident.
The centaur shoots an arrow.
You block the arrow with an invisible shield... and reflect it back!
The arrow hits the warg.
The arrow burns the warg.
You hit something but do no damage. You barely miss the warg.
The warg bites you but does no damage.
The orc priest hits you but does no damage.
The centaur shoots an arrow.
You block the arrow with an invisible shield... and reflect it back!
The arrow hits the warg.
The arrow burns the warg.
Something hits you.
The orc warrior hits you but does no damage.
You block the warg's attack.
Unknown command.
You barely miss something. Your headbutt misses something.
You closely miss the warg.
The centaur shoots an arrow.
You block the arrow with an invisible shield... and reflect it back!
The arrow barely misses the warg.
The arrow hits the centaur!
The arrow burns the centaur.
The warg bites you but does no damage.
The orc priest hits you but does no damage.
Something hits you but does no damage.
The orc warrior hits you from afar with a +0 trident.
The centaur shoots an arrow.
The arrow hits you.
Unknown command.
You closely miss something. You completely miss the warg. The warg bites you!
* * * LOW HITPOINT WARNING * * *
The orc priest begins to cast a cantrip, but forgets the words!
Something hits you.
* * * LOW HITPOINT WARNING * * *
The orc warrior hits you from afar with a +0 trident!
* * * LOW HITPOINT WARNING * * *
The warg bites you!
* * * LOW HITPOINT WARNING * * *
You closely miss something. You barely miss the warg. You hit the centaur.
The centaur unwields a +0 shortbow of flaming.
It stops flaming.
The centaur hits you but does no damage.
The centaur kicks you but does no damage.
The orc priest calls down the wrath of Beogh upon you.
Beogh smites you!
You die...

## ..## ....##
#######
......##.....#
.......#.....# .
....[.?......##.
.>...!hc........
.....o{@.....#
...P.o)#.....#
......##.....#
....## #.....# #.#
#####.### #
#.....#
#.####.##########
#...............##
####..............


You could see a warg, an orc warrior, a centaur and an orc priest.

Vanquished Creatures
  Sigmund (D:6)
  2 wyverns
  8 yaks (D:8)
  2 steam dragons
  A warg (D:9)
  3 water moccasins
  An orc warrior (D:6)
  2 ice beasts (D:6)
  4 ogres (D:5)
  A centaur (D:8)
  A phantom (D:5)
  2 bullfrogs (D:8)
  3 scorpions
  6 killer bees
  3 howler monkeys (D:8)
  An electric eel (D:6)
  A jelly (D:3)
  4 orc priests
  2 gnoll boudas (D:6)
  A hound (D:5)
  2 sleepcaps
  2 iguanas
  8 orc wizards
  8 gnolls
  10 adders
  3 white imps
  2 ufetubi (D:5)
  5 worms
  4 dart slugs
  33 orcs
  11 ball pythons
  3 bats
  9 endoplasms
  6 giant cockroaches
  8 goblins
  3 hobgoblins
  10 jackals
  2 quokkas
  5 frilled lizards (D:1)
  5 kobolds
  6 rats
194 creatures vanquished.

Vanquished Creatures (others)
  An orc (D:5)
1 creature vanquished.

Grand Total: 195 creatures vanquished

Notes
Turn   | Place    | Note
-------+----------+-------------------------------------------
     0 | D:1      | Juicyj the Minotaur Fighter began the quest for the Orb.
     0 | D:1      | Reached XP level 1. HP: 19/19 MP: 0/0
   107 | D:1      | Reached XP level 2. HP: 26/27 MP: 1/1
   498 | D:1      | Reached XP level 3. HP: 30/33 MP: 2/2
   986 | D:2      | Reached XP level 4. HP: 40/41 MP: 3/3
  1390 | D:3      | Reached XP level 5. HP: 33/47 MP: 4/4
  1612 | D:3      | Found a shadowy altar of Dithmenos.
  1669 | D:3      | Found a faded altar of an unknown god.
  2011 | D:4      | Reached skill level 5 in Fighting
  2139 | D:4      | Reached skill level 5 in Armour
  2177 | D:4      | Identified the ring of Cowardice {MP+9 Stlth+}
  2364 | D:4      | Reached skill level 5 in Shields
  2399 | D:4      | Reached XP level 6. HP: 52/56 MP: 5/5
  2533 | D:4      | Found a burning altar of Makhleb.
  2534 | D:4      | Found a hazy altar of Hepliaklqana.
  2892 | D:5      | Entered Level 5 of the Dungeon
  3016 | D:5      | Reached XP level 7. HP: 60/62 MP: 6/6
  3021 | D:5      | Found a shimmering altar of Xom.
  3048 | D:5      | Reached skill level 5 in Axes
  3313 | D:5      | Noticed a steam dragon
  3315 | D:5      | Identified the +0 pair of boots "Gacucoqa" {rF+ Regen+
                  | Str+2}
  3329 | D:5      | Killed a steam dragon
  3527 | D:5      | Reached XP level 8. HP: 42/71 MP: 7/7
  3650 | D:5      | Found a sparkling altar of Nemelex Xobeh.
  4215 | D:6      | Found Uriall's Assorted Antiques.
  4732 | D:6      | Found a broken altar of Ashenzari.
  4735 | D:6      | Found a radiant altar of Vehumet.
  4834 | D:6      | Noticed Sigmund
  4848 | D:6      | Killed Sigmund
  4878 | D:6      | Found a staircase to the Ecumenical Temple.
  5174 | D:6      | Reached XP level 9. HP: 38/81 MP: 8/8
  6731 | D:8      | Found a blossoming altar of Fedhas.
  6963 | D:8      | Found a sacrificial altar of Ru.
  7035 | D:8      | Found an ornate altar of the Wu Jian Council.
  7150 | D:8      | Reached XP level 10. HP: 43/91 MP: 9/9
  7326 | D:8      | You fall into a shaft and drop 2 floors!
  7326 | D:10     | Entered Level 10 of the Dungeon
  7341 | D:10     | Found an iron altar of Okawaru.
  7394 | D:10     | Found a bloodstained altar of Trog.
  7510 | D:9      | Found a staircase to the Lair.
  7525 | D:9      | Killed from afar by an orc priest

Illustrated notes

Levels and vault maps discovered:
D:1:      dpeg_arrival_castle, layout_loops_ring, hangedman_decor_lopped
D:2:      layout_basic
D:3:      layout_rooms, mainiacjoe_overflow_concentric_impassable,
          ebering_ecumenical_altar_abandoned, chequers_serial_rivers_micro_a,
          minmay_close_crescents
D:4:      layout_rooms, gammafunk_temple_overflow_pools, wad_woods_river_04
D:5:      layout_basic, nemelex_altar_shiori, mainiacjoe_overflow_cross_hatched,
          minmay_between
D:6:      layout_cave_pools, nicolae_overflow_squiral,
          minmay_temple_entry_from_below_a, serial_shops, shop, uniq_sigmund
D:7:      layout_basic
D:8:      layout_basic, mainiacjoe_overflow_catwalk,
          nicolae_overflow_crystal_walls, gammafunk_temple_overflow_claw
D:9:      layout_roguey, erik_lair_orcish_takeover, uniq_erica
D:10:     layout_roguey, lemuel_doored_altar, tso_metal_star,
          mainiacjoe_overflow_small_starburst, serial_park_tiny_pond

Skill      XL: |  1  2  3  4  5  6  7  8  9 |
---------------+----------------------------+-----
Fighting       | 4 5 6 8 9 |  9.8
Armour         | 4 5 6 7 9 |  9.8
Shields        | 4 5 6 7 9 |  9.6
Axes           | 3 4 6 7 9 |  9.3

Action                     |  1- 3 |  4- 6 |  7- 9 | 10-12 || total
---------------------------+-------+-------+-------+-------++-------
  Melee: War axe           |    77 |   153 |   263 |    37 ||   530
         Headbutt          |     9 |    28 |    56 |     5 ||    98
  Throw: Dart              |       |       |     1 |       ||     1
    Use: Scroll            |       |       |    14 |       ||    14
 Armour: Scale mail        |    32 |    75 |   106 |    29 ||   242
  Dodge: Dodged            |    40 |    72 |    99 |     9 ||   220
  Block: Buckler           |    17 |    49 |   144 |    16 ||   226
         Reflection        |       |       |     1 |     4 ||     5

Table legend: (Time is in decaauts)
 A = Elapsed time spent in this place.
 B = Non-inter-level travel time spent in this place.
 C = Inter-level travel time spent in this place.
 D = Time resting spent in this place.
 E = Time spent auto-exploring this place.
 F = Levels seen in this place.
 G = Mean time per level.
                   A        B        C        D        E       F      G
               +--------+--------+--------+--------+--------+-----+--------+
         Total |   7676 |   7448 |    228 |    477 |   5695 |  10 |  767.6 |
       Dungeon |   7676 |   7448 |    228 |    477 |   5695 |  10 |  767.6 |
               +--------+--------+--------+--------+--------+-----+--------+

Top non-repeatable levels by time:
     D:6: 1541 daAuts
     D:5: 1273 daAuts
     D:7: 1004 daAuts
     D:4: 938 daAuts
     D:1: 751 daAuts
     D:3: 701 daAuts
     D:8: 668 daAuts
     D:2: 596 daAuts
     D:9: 111 daAuts
    D:10: 88 daAuts
